 Dungeon Crawl Stone Soup version 0.27.1 (webtiles) character file.

Game seed: 5835494689044733988

1908 ZARRMARR the Cleaver (level 9, -5/81 HPs)
             Began as a Hill Orc Monk on Aug 25, 2021.
             Slain by a seven-headed hydra (8 damage)
             ... on level 7 of the Dungeon.
             The game lasted 00:22:30 (9435 turns).

ZARRMARR the Cleaver (Hill Orc Monk)                Turns: 9435, Time: 00:22:31

Health: -5/81      AC:  6    Str: 17    XL:     9   Next: 16%
Magic:  9/9        EV:  9    Int: 10    God:
Gold:   226        SH:  7    Dex: 13    Spells: 8/8 levels left

rFire    . . .     SeeInvis .   k - +2 whip (venom)
rCold    . . .     Faith    .   s - +0 kite shield
rNeg     . . .     Spirit   .   l - +2 leather armour {Will+}
rPois    .         Reflect  .   j - +0 helmet
rElec    .         Harm     .   (no cloak)
rCorr    .         Rampage  .   (no gloves)
Will     +....                  (no boots)
Stlth    ++........             (no amulet)
HPRegen  0.23/turn              (no ring)
MPRegen  0.11/turn              (no ring)

@: no status effects
A: no striking features
a: no special abilities


You were on level 7 of the Dungeon.
You visited 1 branch of the dungeon, and saw 7 of its levels.

You collected 226 gold pieces.

Inventory:

Hand Weapons
 f - a +0 war axe
 h - a +2 dagger of protection
 k - a +2 whip of venom (weapon)
Missiles
 a - a throwing net (quivered)
 m - 7 boomerangs
 p - 2 poisoned darts
Armour
 j - a +0 helmet (worn)
 l - a +2 leather armour of willpower (worn)
 s - a +0 kite shield (worn)
Scrolls
 b - a scroll of silence
 e - 3 scrolls of enchant armour {unknown}
 g - a scroll of enchant weapon
 i - 2 scrolls of teleportation
 n - a scroll of immolation {unknown}
 r - 2 scrolls of magic mapping {unknown}
 t - a scroll of blinking
Potions
 c - a potion of attraction {unknown}
 d - a potion of haste {unknown}
 o - 2 potions of lignification
 q - a potion of brilliance


   Skills:
 + Level 8.2 Fighting
 + Level 11.8 Axes
 - Level 0.4 Throwing
 + Level 4.5 Armour
 - Level 2.4 Dodging
 - Level 1.5 Stealth
 + Level 0.2 Shields


You had 8 spell levels left.
You didn't know any spells.
Your spell library contained the following spells:

 Spells                   Type           Power      Damage    Failure   Level
 Animate Skeleton         Necr           0%         N/A       97%         1
 Pain                     Necr           0%         1d4       97%         1
 Sting                    Tmut/Pois      0%         1d3       97%         1
 Poisonous Vapours        Pois/Air       0%         N/A       99%         2
 Vampiric Draining        Necr           0%         2d6       100%        3
 Animate Dead             Necr           0%         N/A       100%        4
 Olgreb's Toxic Radiance  Pois           0%         N/A       100%        4
 Haunt                    Necr/Summ      0%         N/A       100%        7
 Infestation              Necr           0%         N/A       100%        8


Dungeon Overview and Level Annotations

Branches:
Dungeon (7/15)
 Temple: D:4-7

Altars:
Kikubaaqudgha
Trog


Message History

You hit the seven-headed hydra.
The seven-headed hydra is lightly wounded.
A gnoll comes into view. It is wielding a +0 spear.
The orc wizard gestures wildly while chanting.
The orc wizard flickers and vanishes!
Deactivating autopickup; reactivate with Ctrl-A.
The seven-headed hydra struggles against the net.
The net rips apart, and the seven-headed hydra comes free!
The gnoll shouts!
You hit the seven-headed hydra.
The seven-headed hydra is moderately wounded.
The orc hits you with a +0 short sword.
The seven-headed hydra closely misses you.
The seven-headed hydra bites you! x2
The seven-headed hydra bites you but does no damage.
The seven-headed hydra bites you. x2; The seven-headed hydra bites you!
You barely miss the seven-headed hydra.
The seven-headed hydra is lightly wounded.
An orc wizard comes into view. It is wielding a +0 dagger.
The orc hits you but does no damage.
The seven-headed hydra completely misses you.
The seven-headed hydra bites you! The seven-headed hydra bites you.
The seven-headed hydra bites you but does no damage.
The seven-headed hydra bites you. x2
The seven-headed hydra bites you but does no damage.
The orc wizard shouts!
You whack the seven-headed hydra!
The seven-headed hydra is poisoned.
The seven-headed hydra is moderately wounded.
An orc priest comes into view. It is wielding a +0 flail.
You block the orc's attack. The seven-headed hydra bites you.
* * * LOW HITPOINT WARNING * * *
The seven-headed hydra closely misses you.
The seven-headed hydra bites you.
* * * LOW HITPOINT WARNING * * *
The seven-headed hydra bites you!
* * * LOW HITPOINT WARNING * * *
The seven-headed hydra bites you!
* * * LOW HITPOINT WARNING * * *
The seven-headed hydra bites you!
You die...

#.....o...# ..
#..o......# ...
#.g.......#
....#.........#
....#..go.....#
..'.........#
#.oD......# #..@......#
#.........# #.........#
### #.........# ..######
#.........#
...#...#######.........#
...+...#...............#
...#...'...............#
'#######...............#


You could see a seven-headed hydra (very poisoned), an orc priest (wandering),
an orc wizard, 2 gnolls and 2 orcs.

Vanquished Creatures
  The ghost of bnorton916 the Thaumaturge, a novice DECj (D:5)
  Menkaure (D:5)
  Duvessa (D:6)
  3 sky beasts
  2 black bears (D:4)
  An ogre (D:6)
  A phantom (D:6)
  2 kobold brigands (D:6)
  A scorpion (D:4)
  Dowan (D:6)
  A wyvern skeleton (D:5)
  A water moccasin skeleton (D:7)
  4 killer bees (D:4)
  A bullfrog zombie (D:6)
  A centaur zombie (D:5)
  2 hounds (D:4)
  A bullfrog skeleton (D:5)
  An iguana (D:4)
  A jelly (D:4)
  Robin (D:3)
  6 adders
  An ufetubus (D:5)
  An adder zombie (D:5)
  2 dart slugs
  5 orcs
  4 endoplasms
  A giant cockroach (D:3)
  11 goblins
  11 hobgoblins
  4 jackals (D:3)
  7 kobolds
  3 quokkas
  8 ball pythons
  2 bats (D:3)
  2 rats
96 creatures vanquished.

Vanquished Creatures (others)
  A plant (D:3)
1 creature vanquished.

Grand Total: 97 creatures vanquished

Notes
Turn   | Place    | Note
-------+----------+-------------------------------------------
     0 | D:1      | ZARRMARR the Hill Orc Monk began the quest for the Orb.
     0 | D:1      | Reached XP level 1. HP: 19/19 MP: 1/1
   347 | D:1      | Reached XP level 2. HP: 13/27 MP: 2/2
   779 | D:2      | Found a faded altar of an unknown god.
   779 | D:2      | Noticed a Hell Sentinel
  1234 | D:2      | Reached XP level 3. HP: 11/33 MP: 3/3
  1914 | D:2      | Reached skill level 5 in Axes
  2358 | D:3      | Noticed Robin
  2376 | D:3      | Killed Robin
  2750 | D:3      | Reached XP level 4. HP: 37/41 MP: 4/4
  3969 | D:4      | Reached skill level 5 in Fighting
  3969 | D:4      | Reached skill level 6 in Axes
  3969 | D:4      | Reached XP level 5. HP: 40/48 MP: 5/5
  4166 | D:4      | Reached skill level 7 in Axes
  4168 | D:4      | Reached XP level 6. HP: 14/56 MP: 6/6
  4714 | D:4      | Noticed a black bear
  4724 | D:4      | Killed a black bear
  4725 | D:4      | Reached skill level 8 in Axes
  4725 | D:4      | Reached XP level 7. HP: 49/64 MP: 7/7
  4845 | D:4      | Reached skill level 1 in Armour
  5038 | D:4      | Found an ancient bone altar of Kikubaaqudgha.
  5114 | D:5      | Entered Level 5 of the Dungeon
  5114 | D:5      | Noticed bnorton916's ghost (novice DECj)
  5114 | D:5      | Found a runed translucent door.
  5284 | D:5      | Reached skill level 9 in Axes
  5421 | D:5      | Noticed Menkaure
  5433 | D:5      | Killed Menkaure
  5434 | D:5      | Reached XP level 8. HP: 5/73 MP: 8/8
  6304 | D:5      | Killed bnorton916's ghost
  6305 | D:5      | Reached skill level 10 in Axes
  8070 | D:6      | Found a bloodstained altar of Trog.
  8094 | D:6      | Reached skill level 11 in Axes
  8425 | D:6      | Noticed Duvessa
  8425 | D:6      | Noticed Dowan
  8444 | D:6      | Killed Duvessa
  8447 | D:6      | Killed Dowan
  8448 | D:6      | Reached XP level 9. HP: 44/81 MP: 9/9
  9423 | D:7      | Noticed a seven-headed hydra
  9435 | D:7      | HP: 3/81 [seven-headed hydra (13)]
  9435 | D:7      | Slain by a seven-headed hydra

Illustrated notes

Levels and vault maps discovered:
D:1:      dpeg_arrival_court, layout_basic
D:2:      layout_basic, dreamdust_ecumenical_altar_sealed_demon
D:3:      wad_lake_hut, layout_basic, uniq_robin
D:4:      layout_rooms, mainiacjoe_overflow_catwalk
D:5:      layout_basic, hellmonk_ghost_happy_afterlife, uniq_menkaure
D:6:      layout_basic, trog_antimagical, uniq_duvessa
D:7:      layout_gridville, lemuel_tele_altar, minmay_temple_entry_mini_moons,
          gammafunk_ghost_mausoleum, uniq_joseph

Skill      XL: |  1  2  3  4  5  6  7  8 |
---------------+-------------------------+-----
Fighting       | 4 5 6 7 8 |  8.2
Axes           | 5 6 7 8 9 11 | 11.8
Armour         | 2 4 |  4.5
Throwing       | |  0.4
Dodging        | |  2.4
Stealth        | |  1.5
Shields        | |  0.2

Action                   |  1- 3 |  4- 6 |  7- 9 || total
-------------------------+-------+-------+-------++-------
Melee: Hand axe          |    71 |    82 |       ||   153
       Dagger            |    45 |       |       ||    45
       Whip              |       |    48 |     5 ||    53
       War axe           |       |     7 |   198 ||   205
Throw: Dart              |       |     7 |     6 ||    13
       Throwing net      |       |       |     2 ||     2
  Use: Scroll            |     5 |     1 |     1 ||     7
       Potion            |       |     1 |     5 ||     6
 Stab: Sleeping          |     5 |     3 |     1 ||     9
Armor: Robe              |    14 |       |       ||    14
       Animal skin       |     7 |    35 |       ||    42
       Scale mail        |       |    17 |    16 ||    33
       Leather armour    |       |       |    65 ||    65
       Skin              |       |       |     6 ||     6
Dodge: Dodged            |    68 |    91 |   103 ||   262
Block: Kite shield       |       |       |    12 ||    12
